 Dungeon Crawl Stone Soup version 0.29-a0-418-gc0181ea820 (webtiles) character file.

Game seed: 3473051991420588720

165 bande the Twirler (level 5, -6/67 HPs)
             Began as a Minotaur Gladiator on May 17, 2022.
             Mangled by a gnoll
             ... wielding a +0 halberd
             ... led by a gnoll shaman
              (7 damage)
             ... on level 4 of the Dungeon on May 18, 2022.
             The game lasted 00:04:29 (2820 turns).

bande the Twirler (Minotaur Gladiator)              Turns: 2820, Time: 00:04:30

Health: -6/67      AC: 26    Str: 19    XL:     5   Next: 22%
Magic:  4/4        EV:  2    Int:  5    God:
Gold:   208        SH:  0    Dex: 13    Spells: 4/4 levels left

rFire   . . .      SeeInvis .   a - +1 quarterstaff (drain)
rCold   . . .      Faith    .   (shield currently unavailable)
rNeg    . . .      Spirit   .   (body armour currently unavailable)
rPois   +          Reflect  .   (helmet currently unavailable)
rElec   .          Harm     .   (cloak currently unavailable)
rCorr   .          Rampage  .   (gloves currently unavailable)
Will    .....      NoTele   +   (boots currently unavailable)
Stlth   +.........              (no amulet)
HPRegen 0.21/turn               m - +4 ring of protection
MPRegen 0.09/turn               (no ring)

@: lethally poisoned (-6 -> -10), tree-form, attractive
A: stationary, stasis, torment immunity, boosted hp, (horns 2), (retaliatory
headbutt), MP-powered wands, devolution 1
a: no special abilities


You were on level 4 of the Dungeon.
You were a tree.
You visited 1 branch of the dungeon, and saw 4 of its levels.

You collected 208 gold pieces.

Inventory:

Hand Weapons
 a - a +1 quarterstaff of draining (weapon)
Missiles
 d - 3 throwing nets (quivered)
 e - a javelin
Armour
 c - a +0 hat (melded)
 o - a +0 scale mail (melded)
Jewellery
 m - a +4 ring of protection (left branch)
Scrolls
 j - a scroll of magic mapping
Potions
 b - a potion of curing {unknown}
 f - a potion of haste
 g - 3 potions of might
 h - a potion of resistance
 n - a potion of flight


   Skills:
 + Level 3.3 Fighting
 + Level 5.6 Staves
 - Level 2.0 Throwing
 + Level 2.4 Armour
 + Level 3.9 Dodging
 + Level 0.4 Stealth


You had 4 spell levels left.
You didn't know any spells.
Your spell library contained the following spells:

 Spells                   Type           Power      Damage    Failure   Level
 Summon Ice Beast         Ice/Summ       0%         N/A       99%         4
 Summon Mana Viper        Hex/Summ       0%         N/A       100%        5
 Monstrous Menagerie      Summ           0%         N/A       100%        7
 Borgnjor's Revivificati  Necr           0%         N/A       100%        8
 Necromutation            Tmut/Necr      0%         N/A       100%        8
 Death's Door             Necr           0%         N/A       100%        9


Dungeon Overview and Level Annotations

Branches:
Dungeon (4/15)
 Temple: D:4-7

Altars:


Innate Abilities, Weirdness & Mutations

You are a tree.
Your roots penetrate the ground, keeping you stationary.
You cannot be teleported.
You are immune to unholy pain and torment.
Your maximum health is greatly increased.
Your equipment is partially melded.
((You have a pair of horns on your head.))
((You reflexively headbutt those who attack you in melee.))
You expend magic power (3 MP) to strengthen your wands.
You have hidden genetic defects.


Message History

The gnoll hits you but does no damage. x3
You are more poisoned.
The gnoll shaman calls upon its god to speed up the gnoll.
The gnoll seems to speed up.
The gnoll hits you but does no damage.
Unknown command.
You sock the gnoll!
You kill the gnoll!
You feel very sick.
The gnoll hits you but does no damage. x2; The gnoll hits you with a +0 spear.
The gnoll shaman hits you but does no damage.
You barely miss the ogre.
You feel very sick. The gnoll hits you but does no damage.
The gnoll shaman hits you but does no damage.
The gnoll hits you but does no damage. The gnoll hits you with a +0 spear.
The gnoll hits you but does no damage. The ogre hits you with a +0 giant club!
Unknown command.
You sock the ogre! You drain the ogre.
The ogre is heavily wounded.
You feel sick.
The gnoll hits you but does no damage. x2
The gnoll hits you with a +0 halberd!
* * * LOW HITPOINT WARNING * * *
The gnoll shaman hits you with a +0 club!
* * * LOW HITPOINT WARNING * * *
It was a potion of attraction.
You feel attractive to monsters.
* * * LOW HITPOINT WARNING * * *
You feel sick. The gnoll hits you but does no damage.
The ogre completely misses you.
The gnoll hits you but does no damage. x3
The gnoll shaman hits you but does no damage.
It was a potion of mutation.
You feel extremely strange.
You feel a hidden malignance growing inside you.
You feel your magical essence link to the dungeon's wands.
* * * LOW HITPOINT WARNING * * *
You feel sick.
The gnoll hits you with a +1 flail of venom.
* * * LOW HITPOINT WARNING * * *
The gnoll shaman hits you but does no damage.
The gnoll hits you but does no damage. The gnoll hits you with a +0 halberd!
You die...

#. .. .#
# #.###.#
.....
...#
###g..###
#.♣O.<..#
#ggg....#
#.......#
###...###
...# #.##
.. ###


You could see an ogre (drained), a gnoll shaman and 3 gnolls.

Vanquished Creatures
  An orc priest (D:3)
  2 adders (D:3)
  4 gnolls
  An ufetubus (D:2)
  A worm (D:2)
  2 dart slugs (D:2)
  5 orcs (D:3)
  7 bats
  7 endoplasms
  2 giant cockroaches (D:3)
  3 goblins
  3 hobgoblins
  6 quokkas
  5 ball pythons
  5 frilled lizards
  4 kobolds
  5 rats
63 creatures vanquished.

Notes
Turn   | Place    | Note
-------+----------+-------------------------------------------
     0 | D:1      | bande the Minotaur Gladiator began the quest for the Orb.
     0 | D:1      | Reached XP level 1. HP: 18/18 MP: 0/0
    71 | D:1      | Found a faded altar of an unknown god.
   250 | D:1      | Reached XP level 2. HP: 25/25 MP: 1/1
   345 | D:1      | You fall into a shaft and drop 1 floor!
   475 | D:2      | Reached skill level 4 in Staves
   838 | D:2      | Reached XP level 3. HP: 30/30 MP: 2/2
  1621 | D:2      | Reached skill level 1 in Armour
  1959 | D:3      | Reached XP level 4. HP: 37/37 MP: 3/3
  1961 | D:3      | Reached skill level 5 in Staves
  2332 | D:3      | Reached XP level 5. HP: 45/45 MP: 4/4
  2811 | D:4      | Noticed an ogre
  2820 | D:4      | Gained mutation: You have hidden genetic defects. [potion
                  | of mutation]
  2820 | D:4      | Gained mutation: You expend magic power (3 MP) to
                  | strengthen your wands. [potion of mutation]
  2820 | D:4      | HP: 1/67 [gnoll/+1 flail of venom[a gnoll shaman] (4)]
  2820 | D:4      | Mangled by a gnoll

Illustrated notes

Levels and vault maps discovered:
D:1:      lemuel_arrival_muddy, layout_basic, hellmonk_ecumenical_altar_lost_god
D:2:      layout_basic
D:3:      layout_rooms, gup_sewer_entry_bubbles
D:4:      layout_loops_cross

Skill      XL: |  1  2  3  4 |
---------------+-------------+-----
Staves         | 4 5 |  5.6
Armour         | 1 2 |  2.4
Fighting       | 3 |  3.3
Throwing       | |  2.0
Dodging        | |  3.9
Stealth        | |  0.4

Action                   |  1- 3 |  4- 6 || total
-------------------------+-------+-------++-------
Melee: Quarterstaff      |    79 |    48 ||   127
       Headbutt          |     8 |     1 ||     9
  Use: Scroll            |    10 |       ||    10
       Potion            |       |     4 ||     4
Armor: Leather armour    |    11 |       ||    11
       Ring mail         |    14 |     7 ||    21
       Skin              |       |    20 ||    20
       Scale mail        |       |     8 ||     8
Dodge: Dodged            |    59 |    31 ||    90

Table legend: (Time is in decaauts)
 A = Elapsed time spent in this place.
 B = Non-inter-level travel time spent in this place.
 C = Inter-level travel time spent in this place.
 D = Time resting spent in this place.
 E = Time spent auto-exploring this place.
 F = Levels seen in this place.
 G = Mean time per level.
                   A        B        C        D        E       F      G
               +--------+--------+--------+--------+--------+-----+--------+
         Total |   2858 |   2782 |     76 |      0 |   2335 |   4 |  714.5 |
       Dungeon |   2858 |   2782 |     76 |      0 |   2335 |   4 |  714.5 |
               +--------+--------+--------+--------+--------+-----+--------+

Top non-repeatable levels by time:
     D:3: 1084 daAuts
     D:2: 915 daAuts
     D:1: 845 daAuts
     D:4: 13 daAuts
